 Dungeon Crawl Stone Soup version bcrawl-1.12-11-gb93c957c58 (console) character file.

Game seed: 13796973678511066504

1057 CALLOUS the Ogre Mage (level 8, -8/79 HPs)
             Began as an Ogre Necromancer on June 25, 2019.
             Was an Initiate of Ru.
             Mangled by a river rat (10 damage)
             ... summoned by Eustachio
             ... on level 5 of the Dungeon.
             The game lasted 02:20:15 (7405 turns).

CALLOUS the Ogre Mage (Ogre Necromancer)            Turns: 7405, Time: 02:20:16

Health: -8/79      AC:  3    Str: 15    XL:     8   Next: 26%
Magic:  21/29      EV: 10    Int: 16    God:    Ru [......]
Gold:   453        SH:  0    Dex:  9    Spells: 15/23 levels left

rFire    . . .     SeeInvis .   X - +0 trident
rCold    . . .     Gourm    .   (no shield)
rNeg     . . .     Faith    .   f - +0 robe
rPois    .         Spirit   .   (helmet restricted)
rElec    .         Reflect  .   (no cloak)
rCorr    .         Harm     .   (gloves unavailable)
MR       .....                  (boots unavailable)
Stlth    ++........             (no amulet)
HPRegen  1.23/turn              v - ring of magical power
MPRegen  0.21/turn              (no ring)

@: regenerating
A: large, unfitting armour, tough skin 1
a: Renounce Religion


You were on level 5 of the Dungeon.
You worshipped Ru.
Ru was noncommittal.
You were not hungry.

You visited 2 branches of the dungeon, and saw 7 of its levels.

You collected 453 gold pieces.

Inventory:

Hand Weapons
 a - a +2 dagger of venom
 b - a +0 mace of protection
 G - a +0 hand axe
 N - a +2 dagger of distortion
 P - a +0 shortbow
 U - the cursed +3 dagger "Ugaeqoiki" {pierce, rC+}
   (You took it off an orc wizard on level 4 of the Dungeon)

   It inflicts extra damage upon your enemies.
   It protects you from cold.
   It has a curse placed upon it.
 W - a +0 dagger
 X - a +0 trident (weapon)
 Z - a +0 mace
Missiles
 e - 272 bolts
 g - 967 stones (quivered)
 r - 725 arrows
 B - 116 sling bullets
 L - 12 tomahawks
Armour
 f - a +0 robe (worn)
Jewellery
 s - an uncursed ring of see invisible {unknown}
 v - a ring of magical power (left hand)
 Y - an uncursed ring of protection from cold {unknown}
Wands
 M - a wand of flame (21)
 V - a wand of digging (8)
Scrolls
 i - 4 scrolls of remove curse {unknown}
 l - 6 scrolls of teleportation {unknown}
 m - a scroll of noise {unknown}
 o - 2 scrolls of amnesia {unknown}
 u - a scroll of identify {unknown}
 w - a scroll of blinking {unknown}
 D - a scroll of enchant weapon {unknown}
 F - 2 scrolls of fog {unknown}
 H - a scroll of magic mapping {unknown}
 O - a scroll of fear {unknown}
 Q - 2 scrolls of immolation {unknown}
Potions
 n - 5 potions of curing {unknown}
 p - a potion of ambrosia {unknown}
 x - a potion of degeneration {unknown}
 z - 2 potions of flight {unknown}
 A - 2 potions of invisibility {unknown}
 I - a potion of might {unknown}
 J - 2 potions of heal wounds {unknown}
 K - a potion of magic {unknown}
 R - a potion of berserk rage {unknown}
 S - 2 potions of mutation {unknown}
Comestibles
 d - 6 rations {!d}
 T - 3 chunks of flesh


   Skills:
 * Level 4.6 Fighting
 * Level 3.9 Maces & Flails
 + Level 2.7 Throwing
 + Level 2.6 Dodging
 - Level 1.5 Stealth
 * Level 8.0 Spellcasting
 - Level 3.6 Necromancy


You had 15 spell levels left.
You knew the following spells:

 Your Spells              Type           Power        Failure   Level  Hunger
a - Pain                  Necr           ###.         2%          1    None
b - Animate Skeleton      Necr           N/A          2%          1    None
c - Vampiric Draining     Necr           ###.......   8%          3    ##.....
d - Regeneration          Chrm/Necr      ##........   16%         3    ##.....

Your spell library contained the following spells:

 Spells                   Type           Power        Failure   Level  Hunger
 Animate Dead             Necr           N/A          26%         4    ####...
 Bolt of Draining         Conj/Necr      ##........   83%         5    #####..


Dungeon Overview and Level Annotations

Branches:
Dungeon (6/12)             Temple (1/1) D:4

Altars:
Ashenzari
Cheibriados
Dithmenos
Elyvilon
Fedhas
Gozag
Hepliaklqana
Kikubaaqudgha
Lugonu
Makhleb
Nemelex Xobeh
Okawaru
Qazlal
Ru
Sif Muna
Trog
Uskayaw
Vehumet
Wu Jian
Xom
Yredelemnul
Zin
The Shining One

Annotations:
D:2 2 exclusions
D:4 4oEDgiantclub6cDshortbow, 1 exclusion
D:5 1 exclusion, Eustachio
D:6 8prED, Prince Ribbit


Innate Abilities, Weirdness & Mutations

You are too large for most types of armour.
You have tough skin. (AC +1)


Message History

The river rat bites you!
* * * LOW HITPOINT WARNING * * *
The iron imp completely misses you.
The river rat bites you but does no damage.
Attack whom?
Press: ? - help, Dir - move target cursor, f/p - Eustachio
Aim: Eustachio, wielding a +0 rapier and wearing a +0 leather armour (severely wounded)
You reach to attack!
You miss Eustachio.
Eustachio is severely wounded.
The iron imp barely misses you. The river rat barely misses you.
Attack whom?
Press: ? - help, Dir - move target cursor, f/p - Eustachio
Aim: Eustachio, wielding a +0 rapier and wearing a +0 leather armour (severely wounded)
The iron imp is in the way.
You puncture the iron imp!
The iron imp is severely wounded.
The iron imp shouts, "Scamper home, thou foisting nose-picking giglet!"
The iron imp hits you!
* * * LOW HITPOINT WARNING * * *
The river rat bites you!
You die...

##.#.# ######..#.#####
#....#.##.....# ######
#....#........# #....##
#....#..#.....# #.≈≈≈≈≈
#....#..##....## #.≈#≈≈≈
#..............###.≈#≈##
#....#..######.....≈#≈≈≈
#....#.@.....#.....≈≈≈≈≈ ########
#....##5#..#.#.......... .......#
#....##@#..#.#.......... .......#
#.....r.#..#.#.......... .......#
#....#####.#.#.......... .......#
#######....#.##.........
.......#########.##.#.....#.#####
......................[..........
.........#..####.##.#####.#.#####
.....###.#.>.................)...
.....#⌠#.#.##############.....#<.
.....###...............##.....#..
..........############.##.....#..


You could see Eustachio, an iron imp and a river rat.

Vanquished Creatures
  A hornet zombie (D:6)
  A sky beast (D:5)
  2 centaurs
  Blork the orc (D:5)
  A bullfrog (D:6)
  2 howler monkeys (D:5)
  2 crimson imps
  A centaur zombie (D:6)
  A bullfrog zombie (D:6)
  An orc priest (D:5)
  5 orc wizards
  2 worker ants
  A killer bee zombie (D:6)
  An adder (D:5)
  2 adder zombies (D:6)
  An adder skeleton (D:5)
  3 worms
  A dart slug (D:1)
  3 leopard geckos
  17 orcs
  2 giant cockroaches
  2 goblins (D:1)
  6 hobgoblins
  6 jackals
  2 quokkas
  7 bats
  A frilled lizard (D:1)
  10 kobolds
  2 rats (D:1)
  A toadstool (D:1)
88 creatures vanquished.

Vanquished Creatures (collateral kills)
  An orc wizard (D:5)
  An adder (D:4)
  An ooze (D:4)
  A worm (D:2)
  4 orcs
  A hobgoblin (D:2)
  2 quokkas
  A kobold (D:2)
12 creatures vanquished.

Vanquished Creatures (others)
  3 toadstools (D:1)
3 creatures vanquished.

Grand Total: 103 creatures vanquished

Notes
Turn   | Place    | Note
-------+----------+-------------------------------------------
     0 | D:1      | CALLOUS the Ogre Necromancer began the quest for the Orb.
     0 | D:1      | Reached XP level 1. HP: 16/16 MP: 3/3
    32 | D:1      | Learned a level 1 spell: Animate Skeleton
   149 | D:1      | Reached skill level 1 in Fighting
   154 | D:1      | Reached XP level 2. HP: 7/27 MP: 1/5
   605 | D:1      | Reached skill level 3 in Spellcasting
  1192 | D:1      | Reached XP level 3. HP: 21/35 MP: 0/7
  1197 | D:1      | Learned a level 3 spell: Vampiric Draining
  1201 | D:1      | Learned a level 3 spell: Regeneration
  3007 | D:3      | Reached skill level 4 in Spellcasting
  3007 | D:3      | Reached XP level 4. HP: 39/42 MP: 10/10
  3443 | D:3      | Found a snail-covered altar of Cheibriados.
  3622 | D:3      | Noticed a centaur
  3828 | D:4      | Noticed an ogre
  3944 | D:4      | Found a staircase to the Ecumenical Temple.
  3954 | D:4      | Reached XP level 5. HP: 37/49 MP: 7/12
  4206 | D:4      | Reached skill level 1 in Maces & Flails
  4206 | D:4      | Reached skill level 5 in Spellcasting
  4306 | D:4      | Noticed a centaur
  4312 | D:5      | Entered Level 5 of the Dungeon
  4458 | D:5      | Reached skill level 1 in Throwing
  4689 | D:5      | Reached XP level 6. HP: 50/59 MP: 14/14
  4762 | D:5      | Noticed Blork the orc
  4941 | D:5      | Noticed a sky beast
  4976 | D:5      | Found a basalt altar of Yredelemnul.
  4976 | D:5      | Found an ornate altar of the Wu Jian Council.
  5231 | D:5      | Reached skill level 6 in Spellcasting
  5231 | D:5      | Reached XP level 7. HP: 64/67 MP: 16/16
  5358 | D:5      | Killed Blork the orc
  5795 | D:4      | Identified the cursed +3 dagger "Ugaeqoiki" {pierce, rC+}
  5971 | D:4      | Reached skill level 7 in Spellcasting
  6297 | Temple   | Entered the Ecumenical Temple
  6393 | Temple   | Became a worshipper of Ru the Awakened
  7017 | D:6      | Reached XP level 8. HP: 22/78 MP: 17/19
  7293 | D:6      | Noticed Prince Ribbit
  7324 | D:6      | Noticed Eustachio
  7356 | D:6      | Reached skill level 8 in Spellcasting
  7405 | D:5      | HP: 2/79 [iron imp[Eustachio] (8)]
  7405 | D:5      | Mangled by a river rat

Skill      XL: |  1  2  3  4  5  6  7  8 |
---------------+-------------------------+-----
Fighting       | 1 2 3 4 |  4.6
Spellcasting   | 3 4 5 6 7 8 |  8.0
Dodging        | 2 |  2.6
Maces & Flails | 1 2 3 |  3.9
Throwing       | 1 2 |  2.7
Stealth        | |  1.5
Necromancy     | |  3.6

Action                   |  1- 3 |  4- 6 |  7- 9 || total
-------------------------+-------+-------+-------++-------
Melee: Dagger            |     8 |     1 |     3 ||    12
       Short sword       |    37 |     1 |       ||    38
       Hand axe          |       |     5 |       ||     5
       Mace              |       |   147 |    95 ||   242
       Trident           |       |       |     7 ||     7
 Fire: Shortbow          |       |       |    35 ||    35
Throw: Stone             |    49 |   126 |    22 ||   197
       Tomahawk          |       |    45 |     7 ||    52
 Cast: Pain              |    65 |    26 |    12 ||   103
       Animate Skeleton  |    17 |    13 |    14 ||    44
       Vampiric Draining |     3 |    22 |    20 ||    45
       Regeneration      |     3 |    13 |    21 ||    37
 Stab: Distracted        |       |       |     1 ||     1
  Eat: Chunk             |     7 |     4 |     6 ||    17
       Ration            |       |     2 |     1 ||     3
Armor: Robe              |    22 |    49 |    50 ||   121
Dodge: Dodged            |    49 |    86 |    95 ||   230
